 Dungeon Crawl Stone Soup version 0.22.1-2-g9c5b331 (webtiles) character file.

2695 Gearfox the Thaumaturge (level 9, -9/46 HPs)
             Began as a Deep Elf Venom Mage on Dec 11, 2018.
             Was a Follower of Nemelex Xobeh.
             Mangled by Menkaure (23 damage)
             ... on level 7 of the Dungeon.
             The game lasted 00:28:18 (11272 turns).

Gearfox the Thaumaturge (Deep Elf Venom Mage)      Turns: 11272, Time: 00:28:18

Health: -9/46      AC:  3    Str:  5    XL:     9   Next: 38%
Magic:  27/27      EV: 13    Int: 24    God:    Nemelex Xobeh [*.....]
Gold:   349        SH:  0    Dex: 15    Spells: 23/33 levels left

rFire    . . .     SeeInvis .   k - +5 mace
rCold    . . .     Gourm    .   (no shield)
rNeg     . . .     Faith    .   a - +1 robe
rPois    .         Spirit   .   (no helmet)
rElec    .         Reflect  .   (no cloak)
rCorr    .         Harm     .   (no gloves)
MR       .....                  (no boots)
Stlth    ++........             (no amulet)
HPRegen  0.15/turn              (no ring)
MPRegen  0.20/turn              (no ring)

@: no status effects
A: no striking features
a: Renounce Religion


You were on level 7 of the Dungeon.
You worshipped Nemelex Xobeh.
Nemelex Xobeh was aware of your devotion.
You were not hungry.

You visited 2 branches of the dungeon, and saw 9 of its levels.

You collected 349 gold pieces.

Inventory:

Hand Weapons
 k - a +5 mace (weapon)
Armour
 a - a +1 robe (worn)
 u - a +0 pair of boots
Jewellery
 x - the ring "Huxaviq" {*Contam rElec Dex+2 Slay+5, unknown}
   (You took it off an orc on level 7 of the Dungeon)

   [ring of dexterity]

   It affects your dexterity (+2).
   It affects your accuracy and damage with ranged weapons and melee attacks
   (+5).
   It insulates you from electricity.
   It causes magical contamination when unequipped.
Wands
 d - a wand of digging (15)
 v - a wand of random effects (41)
Scrolls
 f - 4 scrolls of immolation
 h - 4 scrolls of remove curse
 l - a scroll of enchant armour
 n - a scroll of blinking
 q - a scroll of random uselessness {unknown}
 s - 4 scrolls of teleportation
 y - 2 scrolls of fear
 A - a scroll of vulnerability {unknown}
Potions
 b - 3 potions of lignification
 e - 2 potions of brilliance
 i - a potion of resistance
 j - 4 potions of haste
 m - a potion of cancellation
 o - 2 potions of magic
 p - a potion of degeneration {unknown}
 r - a potion of agility
 w - a potion of invisibility
 z - 2 potions of mutation {unknown}
Comestibles
 c - 8 rations


   Skills:
 + Level 0.9 Fighting
 - Level 0.6 Maces & Flails
 - Level 2.4 Dodging
 - Level 2.4 Stealth
 * Level 12.6 Spellcasting
 * Level 4.8 Conjurations
 + Level 3.4 Air Magic
 - Level 7.0 Poison Magic
 - Level 1.1 Invocations
 - Level 0.1 Evocations


You had 23 spell levels left.
You knew the following spells:

 Your Spells              Type           Power        Failure   Level  Hunger
a - Sting                 Conj/Pois      ####         1%          1    None
b - Poisonous Vapours     Pois/Air       #####.       1%          2    None
c - Mephitic Cloud        Conj/Pois/Air  #####...     1%          3    None
d - Olgreb's Toxic Radia  Pois           #####...     2%          4    None

Your spell library contained the following spells:

 Spells                   Type           Power        Failure   Level  Hunger
 Venom Bolt               Conj/Pois      #####.....   10%         5    ###....


Dungeon Overview and Level Annotations

Branches:
Dungeon (8/15)             Temple (1/1) D:4
   Lair: D:8-11

Altars:
Fedhas
Gozag
Hepliaklqana
Kikubaaqudgha
Makhleb
Nemelex Xobeh
Okawaru
Qazlal
Sif Muna
Trog
Uskayaw
Vehumet
Wu Jian
Yredelemnul
Zin
The Shining One

Annotations:
D:7 1 runed door, Menkaure


Message History

Press: ? - help, Shift-Dir - straight line, f/p - Menkaure
Aim: Menkaure Menkaure flickers and vanishes!
Deactivating autopickup; reactivate with Ctrl-A.
A howler monkey skeleton comes into view.
There is a stone staircase leading down here.
There is a stone staircase leading down here.
There is a stone staircase leading down here.
Something calls on the powers of darkness!
Your body is wracked with pain!
You see here a tomahawk.
You hear some strange, mumbled words.
Things that are here:
an arrow; a tomahawk Something calls on the powers of darkness!
Your body is wracked with pain!
Something hits you!!
Ouch! That really hurt!
You die...
Your body disappears without a glow.

#..#........ #..##....[
#..##..[# #.......#####
########........[..#
###.#)P..#...........#
##).#..P..............#
+)####.....(..(..(....#
### ##P.....@(.......#
#####.>.....##..######'#
#.......##'###.....#
##....(...... #.....#
#####'............#.....#
#....#.......##..##.....#
#...<#.......######.....#
######
#....#............#.....#
^....#
#....#.......(....#.....#


There were no monsters in sight!

Vanquished Creatures
  Sigmund (D:4)
  Duvessa (D:7)
  A sky beast (D:5)
  2 orc warriors (D:6)
  4 ogres
  3 centaurs
  3 bullfrogs (D:6)
  A scorpion (D:5)
  Dowan (D:7)
  2 howler monkeys
  3 crimson imps
  A jelly (D:5)
  4 hounds
  6 orc wizards
  2 orc priests
  A centaur skeleton (D:4)
  Ijyb (D:5)
  2 iguanas
  7 worker ants
  A hound skeleton (D:6)
  A howler monkey skeleton (D:5)
  3 adders
  9 gnolls
  3 shadow imps
  A white imp (D:7)
  An ooze (D:3)
  7 worms
  4 dart slugs
  4 leopard geckos
  22 orcs
  8 bats
  4 giant cockroaches
  5 goblins
  6 hobgoblins
  8 jackals
  4 quokkas
  2 ball pythons
  8 frilled lizards
  7 kobolds
  7 rats
161 creatures vanquished.

Vanquished Creatures (collateral kills)
  Grinder (D:4)
1 creature vanquished.

Grand Total: 162 creatures vanquished

Notes
Turn   | Place    | Note
-------+----------+-------------------------------------------
     0 | D:1      | Gearfox the Deep Elf Venom Mage began the quest for the
                  | Orb.
     0 | D:1      | Reached XP level 1. HP: 10/10 MP: 6/6
   381 | D:1      | Reached XP level 2. HP: 15/15 MP: 5/8
   385 | D:1      | Learned a level 2 spell: Poisonous Vapours
  1114 | D:2      | Reached XP level 3. HP: 19/19 MP: 2/10
  1218 | D:2      | Reached skill level 4 in Spellcasting
  2517 | D:3      | Reached XP level 4. HP: 11/24 MP: 4/12
  2781 | D:3      | Learned a level 3 spell: Mephitic Cloud
  2828 | D:3      | Reached skill level 1 in Air Magic
  3512 | D:3      | Reached XP level 5. HP: 26/28 MP: 2/14
  3884 | D:3      | Reached skill level 5 in Spellcasting
  4228 | D:4      | Noticed Grinder
  4256 | D:4      | Reached XP level 6. HP: 32/32 MP: 8/16
  4478 | D:4      | Reached skill level 6 in Spellcasting
  5183 | D:4      | Found a staircase to the Ecumenical Temple.
  5202 | Temple   | Entered the Ecumenical Temple
  5225 | Temple   | Became a worshipper of Nemelex Xobeh the Trickster
  5299 | D:4      | Reached skill level 5 in Poison Magic
  5508 | D:4      | Received a gift from Nemelex Xobeh
  5564 | D:4      | Reached skill level 7 in Spellcasting
  5564 | D:4      | Reached XP level 7. HP: 36/36 MP: 13/19
  6013 | D:4      | Noticed Sigmund
  6020 | D:4      | Killed Sigmund
  6057 | D:4      | Noticed Blork the orc
  6060 | D:4      | Noticed Blork
  6060 | D:4      | Blork the orc changed into Blork the gnoll
  6064 | D:4      | Killed Blork the gnoll
  6302 | D:4      | Killed Grinder
  6302 | D:4      | Reached skill level 8 in Spellcasting
  6521 | D:5      | Entered Level 5 of the Dungeon
  6878 | D:5      | Reached XP level 8. HP: 25/41 MP: 14/22
  7001 | D:5      | Noticed Ijyb
  7011 | D:5      | Killed Ijyb
  7011 | D:5      | Reached skill level 1 in Invocations
  7112 | D:5      | Reached skill level 9 in Spellcasting
  7937 | D:5      | Learned a level 4 spell: Olgreb's Toxic Radiance
  7945 | D:5      | Found an iron altar of Okawaru.
  8223 | D:5      | Reached * piety under Nemelex Xobeh
  8523 | D:6      | Reached skill level 10 in Spellcasting
  8894 | D:6      | Reached skill level 11 in Spellcasting
  9653 | D:7      | Noticed Duvessa
  9654 | D:7      | Noticed Dowan
  9849 | D:7      | Reached XP level 9. HP: 46/46 MP: 19/26
  9881 | D:7      | Killed Dowan
 10048 | D:7      | Killed Duvessa
 10188 | D:7      | Reached skill level 12 in Spellcasting
 10825 | D:7      | Found a runed door.
 10854 | D:7      | Got a twitching bone ring
 10878 | D:7      | Noticed Menkaure
 10897 | D:8      | HP: 2/46 [crimson imp (3)]
 11272 | D:7      | Mangled by Menkaure

Skill      XL: |  1  2  3  4  5  6  7  8  9 |
---------------+----------------------------+-----
Spellcasting   | 4 5 7 8 11 12 | 12.6
Conjurations   | 2 3 4 |  4.8
Poison Magic   | 4 5 6 7 |  7.0
Air Magic      | 1 2 3 |  3.4
Invocations    | 1 |  1.1
Fighting       | |  0.9
Maces & Flails | |  0.6
Dodging        | |  2.4
Stealth        | |  2.4
Evocations     | |  0.1

Action                   |  1- 3 |  4- 6 |  7- 9 || total
-------------------------+-------+-------+-------++-------
Melee: Unarmed           |     1 |       |       ||     1
       Mace              |     3 |    21 |    66 ||    90
 Cast: Sting             |    35 |    34 |    36 ||   105
       Poisonous Vapours |    44 |    58 |    61 ||   163
       Olgreb's Toxic Ra |       |       |    29 ||    29
       Mephitic Cloud    |       |       |     2 ||     2
Evoke: Deck              |       |       |     7 ||     7
       Wand              |       |       |    10 ||    10
  Use: Scroll            |     4 |     1 |    11 ||    16
       Potion            |       |       |     5 ||     5
 Stab: Paralysed         |       |       |     3 ||     3
  Eat: Chunk             |     4 |     5 |    10 ||    19
       Ration            |     1 |     1 |     2 ||     4
Armor: Robe              |     3 |     3 |    20 ||    26
Dodge: Dodged            |    19 |    41 |   108 ||   168
